cohdb
Replays
Latest Replays
All Replays
Popular Replays
Top Player Replays
Match Explorer
How It Works
Community
CoH3 Stats
Reddit
Sign in to upload your games and track your stats! →
Sign in with Steam
Match 41350438
Unlisted
Match 41350438
Overview
Messages
Build Orders
End
Construct Infanterie Kompanie
Selects Mechanized Battlegroup
Grenadier Squad
Grenadier Squad
GrW 34 Mortar Team
Construct Panzergrenadier Kompanie
Panzergrenadier Squad
Medical Station
Panzergrenadier Squad
Selects Raid Package
Panzergrenadier Squad
Selects StuG Assault Group
StuG Assault Group
Construct Panzer Kompanie
Selects UNKNOWN (2160084)
Selects Spotting Scopes
Selects Wespe Self-propelled Artillery
Panther Heavy Tank
Panzer Officer Quarters
Side Skirts
Selects Mechanized Assault
Stoßtruppen Squad
Stoßtruppen Squad
Panther Heavy Tank
Mechanized Assault
Pioneer Squad
RockWoo
為了帝皇
Resunoon
SSFFF
Gravey
A30B
大将军
emam13
0
0
Comments
sign in to comment!
No comments posted yet!